 Dungeon Crawl Stone Soup version 0.23.0-3-gf3c87f2 (webtiles) character file.

Game seed: 14437358586731334697

4466 pkoi the Destroyer (level 10, -11/83 HPs)
             Began as a Pale Draconian Conjurer on Feb 20, 2019.
             Was a Priest of Vehumet.
             Mangled by a black mamba (15 damage)
             ... on level 1 of the Lair of Beasts.
             The game lasted 00:24:36 (11144 turns).

pkoi the Destroyer (Pale Draconian Conjurer)       Turns: 11144, Time: 00:24:37

Health: -11/83     AC: 10    Str: 10    XL:     10   Next: 15%
Magic:  8/13       EV: 14    Int: 19    God:    Vehumet [***...]
Gold:   539        SH:  3    Dex: 12    Spells: 7/13 levels left

rFire    . . .     SeeInvis .   t - +2 whip (flame)
rCold    . . .     Gourm    .   (no shield)
rNeg     . . .     Faith    .   (armour unavailable)
rPois    .         Spirit   .   (helmet restricted)
rElec    .         Reflect  +   (no cloak)
rCorr    .         Harm     .   m - +1 pair of gloves
MR       .....                  x - +0 pair of boots
Stlth    ++........             n - +3 amulet of reflection
HPRegen  0.23/turn              p - ring of flight
MPRegen  0.13/turn              (no ring)

@: lethally poisoned (-11 -> -35)
A: breathe steam, unfitting armour, cold-blooded, AC +7
a: Breathe Steam, Renounce Religion, Evoke Flight


You were on level 1 of the Lair of Beasts.
You worshipped Vehumet.
Vehumet was most pleased with you.
You were hungry.

You visited 3 branches of the dungeon, and saw 11 of its levels.

You collected 539 gold pieces.

Inventory:

Hand Weapons
 f - a +0 whip
 t - a +2 whip of flaming (weapon)
Armour
 m - a +1 pair of gloves (worn)
 x - a +0 pair of boots (worn)
Magical Staves
 v - an uncursed staff of poison
Jewellery
 k - an uncursed amulet of the acrobat
 n - a +3 amulet of reflection (around neck)
 p - a ring of flight (left hand)
 w - an uncursed ring of positive energy
Wands
 j - a wand of digging (7)
 l - a wand of random effects (20)
 o - a wand of acid (9)
 y - a wand of polymorph (3)
Scrolls
 c - 2 scrolls of fog
 e - 4 scrolls of identify
 g - 3 scrolls of teleportation
 i - 2 scrolls of remove curse
Potions
 a - a potion of berserk rage
 d - 2 potions of brilliance
 h - 3 potions of agility
 s - 3 potions of curing {unknown}
 u - a potion of lignification {unknown}
 z - a potion of degeneration {unknown}
 A - a potion of resistance {unknown}
Miscellaneous
 q - a lamp of fire (inert)
Comestibles
 b - 14 rations


   Skills:
 + Level 5.9 Fighting
 - Level 7.1 Maces & Flails
 + Level 5.3 Dodging
 - Level 1.7 Stealth
 - Level 2.0 Spellcasting
 + Level 10.4 Conjurations
 + Level 3.9 Evocations


You had 7 spell levels left.
You knew the following spells:

 Your Spells              Type           Power        Failure   Level  Hunger
a - Magic Dart            Conj           ####         1%          1    #......
b - Searing Ray           Conj           #####.       1%          2    ###....
c - Mephitic Cloud        Conj/Pois/Air  ###.....     3%          3    ###....

Your spell library contained the following spells:

 Spells                   Type           Power        Failure   Level  Hunger
 Sting                    Conj/Pois      ###.         1%          1    #......
 Dazzling Spray           Conj/Hex       ###...       1%          3    ###....
 Iskenderun's Mystic Bla  Conj           #####...     1%          4    #####..
 Force Lance              Conj/Tloc      ###.....     5%          4    #####..
 Fulminant Prism          Conj/Hex       ###.......   5%          4    #####..
 Venom Bolt               Conj/Pois      ###.......   16%         5    ######.
 Poisonous Vapours        Pois/Air       #.....       26%         2    ###....
 Olgreb's Toxic Radiance  Pois           #.......     38%         4    #####..


Dungeon Overview and Level Annotations

Branches:
Dungeon (9/15)             Temple (1/1) D:4            Lair (1/6) D:8
    Orc: D:9-12

Altars:
Ashenzari
Cheibriados
Dithmenos
Elyvilon
Fedhas
Gozag
Kikubaaqudgha
Makhleb
Nemelex Xobeh
Okawaru
Qazlal
Ru
Sif Muna
Trog
Uskayaw
Vehumet
Wu Jian
Xom
Yredelemnul
Zin
The Shining One


Innate Abilities, Weirdness & Mutations

You can breathe blasts of scalding, opaque steam.
Your pale cyan-grey scales are hard. (AC +7)
You cannot fit into any form of body armour.
You are cold-blooded and may be slowed by cold attacks.


Message History

The searing ray hits the black mamba.
The black mamba is moderately wounded.
The black mamba completely misses you. The black mamba closely misses you.
The searing ray hits the black mamba!
The black mamba is heavily wounded.
The black mamba closely misses you. The black mamba bites you!
* * * LOW HITPOINT WARNING * * *
You are poisoned.
The black mamba poisons you!
The searing ray hits the black mamba!!
The black mamba is almost dead.
You finish channeling your searing ray.
You feel sick. The black mamba barely misses you. The black mamba bites you!
* * * LOW HITPOINT WARNING * * *
You are more poisoned.
The black mamba poisons you!
It was a potion of cancellation.
You feel magically purged.
* * * LOW HITPOINT WARNING * * *
You feel sick. The black mamba bites you!
You die...

##.### .[
#####..#P## ####.##
#.........# .......
##.......## .......
#........# .......
#.......##
.......###.......#
........##.......#
........S@.........
.......###.......###
####### ##.####.#
### ##


You could see a black mamba.

Vanquished Creatures
  Fannar (Lair:1)
  A hungry ghost (D:8)
  Menkaure (D:7)
  3 water moccasins
  2 orc warriors (D:8)
  A porcupine (Lair:1)
  A sky beast (D:5)
  An ice beast (D:5)
  A phantom (D:6)
  5 ogres
  2 centaurs
  A crocodile (Lair:1)
  A big kobold (D:8)
  5 bullfrogs
  A gnoll sergeant (D:8)
  2 scorpions
  A vampire bat (D:3)
  2 howler monkeys (D:8)
  5 hounds
  A quasit (D:7)
  2 bullfrog skeletons
  5 orc priests
  A gnoll shaman (D:8)
  9 orc wizards
  Ijyb (D:3)
  Terence (D:2)
  4 iguanas
  6 worker ants
  2 hound zombies
  A worker ant zombie (D:6)
  11 gnolls
  8 adders
  A shadow imp (D:5)
  An ooze (D:2)
  2 adder zombies (D:5)
  2 worms
  2 dart slugs (D:1)
  2 leopard geckos
  31 orcs
  2 ball pythons
  11 bats
  7 giant cockroaches
  13 goblins
  10 hobgoblins
  6 jackals (D:1)
  2 quokkas
  3 frilled lizards (D:1)
  12 kobolds
  A leopard gecko skeleton (D:5)
  6 rats
  2 plants (D:8)
205 creatures vanquished.

Notes
Turn   | Place    | Note
-------+----------+-------------------------------------------
     0 | D:1      | pkoi the Draconian Conjurer began the quest for the Orb.
     0 | D:1      | Reached XP level 1. HP: 14/14 MP: 3/3
   165 | D:1      | Reached XP level 2. HP: 15/20 MP: 1/5
   618 | D:1      | Reached skill level 5 in Conjurations
   618 | D:1      | Reached XP level 3. HP: 26/26 MP: 1/6
  1383 | D:2      | Learned a level 2 spell: Searing Ray
  1400 | D:2      | Noticed Terence
  1420 | D:2      | Killed Terence
  1420 | D:2      | Reached skill level 1 in Maces & Flails
  1523 | D:2      | Reached XP level 4. HP: 27/33 MP: 2/7
  1524 | D:2      | Found a radiant altar of Vehumet.
  2190 | D:2      | Found a burning altar of Makhleb.
  3208 | D:3      | Found a basalt altar of Yredelemnul.
  3348 | D:3      | Found a glowing golden altar of the Shining One.
  3435 | D:3      | Reached XP level 5. HP: 38/38 MP: 0/8
  3483 | D:3      | Reached skill level 6 in Conjurations
  3940 | D:3      | Noticed an angel
  4438 | D:4      | Noticed Ijyb
  4523 | D:3      | Killed Ijyb
  4523 | D:3      | Reached XP level 6. HP: 21/45 MP: 1/9
  4992 | D:4      | Found a staircase to the Ecumenical Temple.
  5576 | Temple   | Entered the Ecumenical Temple
  5847 | D:2      | Became a worshipper of Vehumet
  5911 | D:5      | Entered Level 5 of the Dungeon
  6061 | D:5      | Found a deep blue altar of Sif Muna.
  6097 | D:5      | Noticed an ice beast
  6104 | D:5      | Killed an ice beast
  6187 | D:5      | Reached skill level 7 in Conjurations
  6187 | D:5      | Your scales start taking on a pale cyan-grey colour.
  6187 | D:5      | Reached XP level 7. HP: 43/50 MP: 0/10
  6464 | D:5      | Reached skill level 5 in Maces & Flails
  7012 | D:5      | Found a hide-covered altar of Uskayaw.
  7128 | D:5      | Reached * piety under Vehumet
  7128 | D:5      | Offered knowledge of Sting by Vehumet.
  7559 | D:6      | Reached skill level 8 in Conjurations
  7565 | D:6      | Reached XP level 8. HP: 57/57 MP: 2/11
  8347 | D:7      | Noticed Menkaure
  8352 | D:7      | Killed Menkaure
  8484 | D:7      | Found a shadowy altar of Dithmenos.
  8730 | D:7      | Reached skill level 1 in Fighting
  8730 | D:7      | Reached skill level 9 in Conjurations
  8798 | D:7      | Offered knowledge of Flame Tongue by Vehumet.
  8912 | D:7      | Found a blossoming altar of Fedhas.
  9296 | D:8      | Reached ** piety under Vehumet
  9337 | D:8      | Found a bloodstained altar of Trog.
  9469 | D:8      | Reached XP level 9. HP: 57/69 MP: 1/12
  9746 | D:8      | Found a staircase to the Lair.
 10300 | D:8      | Offered knowledge of Mephitic Cloud by Vehumet.
 10300 | D:8      | Reached skill level 1 in Evocations
 10313 | D:8      | Learned a level 3 spell: Mephitic Cloud
 10574 | D:8      | Reached *** piety under Vehumet
 10574 | D:8      | Reached skill level 10 in Conjurations
 10718 | D:9      | Found a sacrificial altar of Ru.
 10737 | D:9      | Noticed a two-headed ogre
 10774 | Lair:1   | Entered Level 1 of the Lair of Beasts
 10784 | Lair:1   | Reached skill level 5 in Fighting
 10936 | Lair:1   | Noticed Fannar
 10969 | Lair:1   | Killed Fannar
 10969 | Lair:1   | Reached skill level 5 in Dodging
 10969 | Lair:1   | Reached XP level 10. HP: 8/83 MP: 6/13
 11136 | Lair:1   | Noticed a black mamba
 11144 | Lair:1   | HP: 4/83 [poisoned by a black mamba]
 11144 | Lair:1   | Mangled by a black mamba

Skill      XL: |  1  2  3  4  5  6  7  8  9 |
---------------+----------------------------+-----
Conjurations   | 5 6 7 8 9 10 | 10.4
Maces & Flails | 1 2 3 4 6 7 |  7.1
Dodging        | 3 5 |  5.3
Fighting       | 3 5 |  5.9
Evocations     | 3 |  3.9
Stealth        | |  1.7
Spellcasting   | |  2.0

Action                   |  1- 3 |  4- 6 |  7- 9 | 10-12 || total
-------------------------+-------+-------+-------+-------++-------
Melee: Mace              |    26 |       |       |       ||    26
       Unarmed           |     2 |       |       |       ||     2
       Tailslap          |     6 |    20 |    22 |       ||    48
       Whip              |    27 |   136 |   190 |       ||   353
       Staff             |       |       |     8 |       ||     8
 Cast: Magic Dart        |    40 |    71 |    67 |       ||   178
       Searing Ray       |     1 |    19 |    71 |     2 ||    93
       Mephitic Cloud    |       |       |     1 |       ||     1
 Abil: Breathe Steam     |       |       |     1 |       ||     1
Evoke: Wand              |       |       |     3 |     1 ||     4
       Lamp of fire      |       |       |     1 |       ||     1
  Use: Scroll            |       |     8 |     6 |       ||    14
       Potion            |       |     2 |       |     1 ||     3
 Stab: Sleeping          |     1 |       |     1 |       ||     2
       Confused          |       |       |     1 |       ||     1
  Eat: Chunk             |     3 |    14 |    13 |     1 ||    31
       Ration            |       |     1 |     2 |       ||     3
Armor: Skin              |    15 |    61 |    62 |     1 ||   139
Dodge: Dodged            |    48 |   101 |   158 |     5 ||   312
Block: Other             |       |       |    10 |       ||    10
